TOP OF THE 1ST |
Los Angeles Angels batting - Pitching for Minnesota Twins : RHP Matt Harvey
|
Pitching: RHP Matt Harvey
|
|
Batting: RHB Kevin Pillar
|
0-0: Bunt for hit to 13S - play at first, batter OUT! 1-3
|
Batting: LHB Kevin Kiermaier
|
0-0: Ground out 4-3 (Groundball, 4M)
|
Batting: RHB Trevor Story
|
0-0: Ball 1-0: Foul Ball, location: 2F 1-1: Called Strike 1-2: Ball 2-2: Strikes out swinging
|
Top of the 1st over - 0 runs, 0 hits, 0 errors, 0 left on base; Los Angeles 0 - Minnesota 0 |
BOTTOM OF THE 1ST |
Minnesota Twins batting - Pitching for Los Angeles Angels : LHP Matt Boyd
|
Pitching: LHP Matt Boyd
|
|
Batting: RHB Ian Kinsler
|
0-0: Called Strike 0-1: Ball 1-1: Swinging Strike 1-2: Ball 2-2: Ball 3-2: Foul Ball, location: 2F 3-2: Base on Balls
|
Batting: RHB Whit Merrifield
|
0-0: Ball 1-0: Grounds into double play, 5-4-3 (Groundball, 56)
|
Batting: LHB Freddie Freeman
|
0-0: Ball 1-0: Foul Ball, location: 2F 1-1: Foul Ball, location: 2F 1-2: Foul Ball, location: 2F 1-2: Fly out, F5 (Popup, 5L)
|
Bottom of the 1st over - 0 runs, 0 hits, 0 errors, 0 left on base; Los Angeles 0 - Minnesota 0 |
TOP OF THE 2ND |
Los Angeles Angels batting - Pitching for Minnesota Twins : RHP Matt Harvey
|
Batting: RHB Wil Myers
|
0-0: Ball 1-0: Ball 2-0: Ball 3-0: Base on Balls
|
Batting: LHB Jason Kipnis
|
0-0: Ball 1-0: Grounds into double play, 6-4-3 (Groundball, 6)
|
Batting: RHB Tyler Austin
|
0-0: Called Strike 0-1: Ball 1-1: Ball 2-1: Foul Ball, location: 2F 2-2: Ball 3-2: Foul Ball, location: 2F 3-2: DOUBLE (Line Drive, 7LM)
|
Batting: RHB Evan Longoria
|
0-0: Called Strike 0-1: Ball 1-1: Ground out 5-3 (Groundball, 5)
|
Top of the 2nd over - 0 runs, 1 hit, 0 errors, 1 left on base; Los Angeles 0 - Minnesota 0 |
BOTTOM OF THE 2ND |
Minnesota Twins batting - Pitching for Los Angeles Angels : LHP Matt Boyd
|
Batting: RHB Avisail Garcia
|
0-0: Foul Ball, location: 2F 0-1: Ball 1-1: Ball 2-1: SINGLE (Groundball, 5D)
|
Batting: RHB Adam Jones
|
0-0: Ball 1-0: Ball 2-0: Swinging Strike 2-1: Swinging Strike 2-2: Ball 3-2: Foul Ball, location: 2F 3-2: Foul Ball, location: 2F 3-2: Strikes out swinging
|
Batting: RHB Maikel Franco
|
0-0: Ball 1-0: Grounds into double play, U4-3 (Groundball, 6MD)
|
Bottom of the 2nd over - 0 runs, 1 hit, 0 errors, 0 left on base; Los Angeles 0 - Minnesota 0 |
TOP OF THE 3RD |
Los Angeles Angels batting - Pitching for Minnesota Twins : RHP Matt Harvey
|
Batting: RHB Mike Zunino
|
0-0: Ball 1-0: Swinging Strike 1-1: Called Strike 1-2: Foul Ball, location: 2F 1-2: Strikes out swinging
|
Batting: RHB Wilmer Flores
|
0-0: Ball 1-0: Foul Ball, location: 2F 1-1: Ball 2-1: Ground out 6-3 (Groundball, 6)
|
Batting: RHB Kevin Pillar
|
0-0: Ground out 5-3 (Groundball, 56)
|
Top of the 3rd over - 0 runs, 0 hits, 0 errors, 0 left on base; Los Angeles 0 - Minnesota 0 |
BOTTOM OF THE 3RD |
Minnesota Twins batting - Pitching for Los Angeles Angels : LHP Matt Boyd
|
Batting: RHB Howie Kendrick
|
0-0: Ball 1-0: Called Strike 1-1: Swinging Strike 1-2: SINGLE (Line Drive, 34)
|
Batting: RHB Chris Iannetta
|
0-0: Ball 1-0: Called Strike 1-1: Ball 2-1: Fly out, F7 (Flyball, 7S)
|
Batting: RHB Miguel Rojas
|
0-0: Ball 1-0: Grounds into double play, 6-4-3 (Groundball, 6)
|
Bottom of the 3rd over - 0 runs, 1 hit, 0 errors, 0 left on base; Los Angeles 0 - Minnesota 0 |
TOP OF THE 4TH |
Los Angeles Angels batting - Pitching for Minnesota Twins : RHP Matt Harvey
|
Batting: LHB Kevin Kiermaier
|
0-0: Ball 1-0: Ball 2-0: Bunt for hit to 15S - play at first, batter OUT! 1-3
|
Batting: RHB Trevor Story
|
0-0: Called Strike 0-1: Fly out, F8 (Line Drive, 8RM)
|
Batting: RHB Wil Myers
|
0-0: Ball 1-0: Called Strike 1-1: Ball 2-1: Ball 3-1: Base on Balls
|
Batting: LHB Jason Kipnis
|
0-0: Called Strike 0-1: Ball 1-1: Called Strike 1-2: Ball 2-2: Fielders Choice at 2nd, 5-4 (Groundball, 56)
|
Top of the 4th over - 0 runs, 0 hits, 0 errors, 1 left on base; Los Angeles 0 - Minnesota 0 |
BOTTOM OF THE 4TH |
Minnesota Twins batting - Pitching for Los Angeles Angels : LHP Matt Boyd
|
Batting: RHB Ian Kinsler
|
0-0: Ball 1-0: Foul Ball, location: 2F 1-1: Ball 2-1: Fly out, F7 (Flyball, 7LS)
|
Batting: RHB Whit Merrifield
|
0-0: Called Strike 0-1: SINGLE (Groundball, 4D)
|
Batting: LHB Freddie Freeman
|
0-0: Ball 1-0: Fly out, F8 (Line Drive, 8RD)
|
Batting: RHB Avisail Garcia
|
0-0: Ball 1-0: Ball Whit Merrifield steals 2nd base 2-0: Foul Ball, location: 2F 2-1: Swinging Strike 2-2: Foul Ball, location: 2F 2-2: Ball 3-2: Strikes out looking
|
Bottom of the 4th over - 0 runs, 1 hit, 0 errors, 1 left on base; Los Angeles 0 - Minnesota 0 |
TOP OF THE 5TH |
Los Angeles Angels batting - Pitching for Minnesota Twins : RHP Matt Harvey
|
Batting: RHB Tyler Austin
|
0-0: Ball 1-0: Called Strike 1-1: Foul Ball, location: 2F 1-2: Strikes out looking
|
Batting: RHB Evan Longoria
|
0-0: Swinging Strike 0-1: Fly out, F7 (Line Drive, 7D)
|
Batting: RHB Mike Zunino
|
0-0: Called Strike 0-1: Swinging Strike 0-2: Fly out, F6 (Popup, P)
|
Top of the 5th over - 0 runs, 0 hits, 0 errors, 0 left on base; Los Angeles 0 - Minnesota 0 |
BOTTOM OF THE 5TH |
Minnesota Twins batting - Pitching for Los Angeles Angels : LHP Matt Boyd
|
Batting: RHB Adam Jones
|
0-0: Fly out, F5 (Popup, 5SF)
|
Batting: RHB Maikel Franco
|
0-0: Ball 1-0: Swinging Strike 1-1: Fly out, F7 (Line Drive, 7)
|
Batting: RHB Howie Kendrick
|
0-0: Foul Ball, location: 2F 0-1: Swinging Strike 0-2: Ball 1-2: Ball 2-2: Fly out, F8 (Line Drive, 8LM)
|
Bottom of the 5th over - 0 runs, 0 hits, 0 errors, 0 left on base; Los Angeles 0 - Minnesota 0 |
TOP OF THE 6TH |
Los Angeles Angels batting - Pitching for Minnesota Twins : RHP Matt Harvey
|
Batting: RHB Wilmer Flores
|
0-0: Called Strike 0-1: Fly out, F8 (Flyball, 8LS)
|
Batting: RHB Kevin Pillar
|
0-0: Ball 1-0: Ball 2-0: Ball 3-0: Called Strike 3-1: Base on Balls
|
Batting: LHB Kevin Kiermaier
|
0-0: Ball 1-0: Ball 2-0: Called Strike 2-1: Foul Ball, location: 2F 2-2: Foul Ball, location: 2F 2-2: Fly out, F9 (Flyball, 9LSF)
|
Batting: RHB Trevor Story
|
0-0: Swinging Strike 0-1: Ball 1-1: Ball 2-1: Called Strike 2-2: Ball 3-2: Foul Ball, location: 2F 3-2: Foul Ball, location: 2F 3-2: Fly out, F4 (Line Drive, 4)
|
Top of the 6th over - 0 runs, 0 hits, 0 errors, 1 left on base; Los Angeles 0 - Minnesota 0 |
BOTTOM OF THE 6TH |
Minnesota Twins batting - Pitching for Los Angeles Angels : LHP Matt Boyd
|
Batting: RHB Chris Iannetta
|
0-0: Called Strike 0-1: Ball 1-1: Fly out, F8 (Flyball, 8RXD)
|
Batting: RHB Miguel Rojas
|
0-0: Fly out, F8 (Flyball, 89D)
|
Batting: RHB Ian Kinsler
|
0-0: Ball 1-0: Ball 2-0: Ball 3-0: Base on Balls
|
Batting: RHB Whit Merrifield
|
0-0: Called Strike 0-1: Ground out 4-3 (Groundball, 4)
|
Bottom of the 6th over - 0 runs, 0 hits, 0 errors, 1 left on base; Los Angeles 0 - Minnesota 0 |
TOP OF THE 7TH |
Los Angeles Angels batting - Pitching for Minnesota Twins : RHP Matt Harvey
|
Batting: RHB Wil Myers
|
0-0: Called Strike 0-1: Fly out, F6 (Popup, 56D)
|
Batting: LHB Jason Kipnis
|
0-0: Ball 1-0: Called Strike 1-1: Ball 2-1: Ball 3-1: Base on Balls
|
Batting: RHB Tyler Austin
|
0-0: Called Strike 0-1: Ball 1-1: Ball 2-1: Fly out, F8 (Flyball, 8LM)
|
Batting: RHB Evan Longoria
|
0-0: Ball 1-0: Ball 2-0: Fly out, F7 (Line Drive, 7D)
|
Top of the 7th over - 0 runs, 0 hits, 0 errors, 1 left on base; Los Angeles 0 - Minnesota 0 |
BOTTOM OF THE 7TH |
Minnesota Twins batting - Pitching for Los Angeles Angels : LHP Matt Boyd
|
Batting: LHB Freddie Freeman
|
0-0: Ball 1-0: SINGLE (Flyball, 5D)
|
Batting: RHB Avisail Garcia
|
0-0: Ball 1-0: Foul Ball, location: 2F 1-1: Ball 2-1: Ball 3-1: Fielders Choice at 2nd, 6-4 (Groundball, 6S)
|
Batting: RHB Adam Jones
|
0-0: Foul Ball, location: 2F 0-1: Called Strike 0-2: Strikes out swinging
|
Batting: RHB Maikel Franco
|
0-0: Fly out, F7 (Flyball, 7LSF)
|
Bottom of the 7th over - 0 runs, 1 hit, 0 errors, 1 left on base; Los Angeles 0 - Minnesota 0 |
TOP OF THE 8TH |
Los Angeles Angels batting - Pitching for Minnesota Twins : RHP Matt Harvey
|
Batting: RHB Mike Zunino
|
0-0: Ball 1-0: SINGLE (Flyball, 7LS)
|
Batting: RHB Wilmer Flores
|
0-0: Ball 1-0: Called Strike 1-1: SINGLE (Groundball, 56D) Mike Zunino to second
|
Batting: RHB Kevin Pillar
|
0-0: Foul Ball, location: 2F 0-1: Fly out, F9 (Flyball, 89D)
|
Pitching: RHP Tommy Kahnle
|
|
Batting: LHB Kevin Kiermaier
|
0-0: Ball 1-0: Swinging Strike 1-1: Called Strike 1-2: Strikes out swinging
|
Batting: RHB Trevor Story
|
0-0: Ball 1-0: Swinging Strike 1-1: Ball 2-1: Foul Ball, location: 2F 2-2: Ball 3-2: Base on Balls Mike Zunino to third Wilmer Flores to second
|
Batting: RHB Wil Myers
|
0-0: Called Strike 0-1: Foul Ball, location: 2F 0-2: Fly out, F7 (Flyball, 7D)
|
Top of the 8th over - 0 runs, 2 hits, 0 errors, 3 left on base; Los Angeles 0 - Minnesota 0 |
BOTTOM OF THE 8TH |
Minnesota Twins batting - Pitching for Los Angeles Angels : LHP Matt Boyd
|
Batting: RHB Howie Kendrick
|
0-0: Called Strike 0-1: Called Strike 0-2: Foul Ball, location: 2F 0-2: SINGLE (Groundball, 6MD)
|
Pitching: RHP Chaz Roe
|
|
Batting: RHB Chris Iannetta
|
0-0: Called Strike 0-1: Sac Bunt to 23 - play at first, batter OUT! 3-4 Howie Kendrick to second
|
Pinch Hitting: SHB Kendrys Morales
|
0-0: Called Strike 0-1: Foul Ball, location: 2F 0-2: Ball 1-2: Ball 2-2: Ground out 4-3 (Groundball, 4) Howie Kendrick to third
|
Pinch Hitting: LHB Adam Lind
|
0-0: Ball 1-0: Ball 2-0: Swinging Strike 2-1: Ball 3-1: Base on Balls
|
Batting: RHB Whit Merrifield
|
0-0: Called Strike 0-1: Foul Ball, location: 2F 0-2: Ball 1-2: Strikes out swinging
|
Bottom of the 8th over - 0 runs, 1 hit, 0 errors, 2 left on base; Los Angeles 0 - Minnesota 0 |
TOP OF THE 9TH |
Los Angeles Angels batting - Pitching for Minnesota Twins : RHP Tommy Kahnle
|
Pitching: RHP A.J. Ramos
|
|
Now at SS: Eric Sogard
|
|
Now in LF: Adam Lind
|
|
Batting: LHB Jason Kipnis
|
0-0: Called Strike 0-1: Fly out, F4 (Line Drive, 4)
|
Batting: RHB Tyler Austin
|
0-0: Foul Ball, location: 2F 0-1: Foul Ball, location: 2F 0-2: Strikes out swinging
|
Batting: RHB Evan Longoria
|
0-0: Ball 1-0: Called Strike 1-1: Foul Ball, location: 2F 1-2: DOUBLE (Line Drive, 9LS)
|
Batting: RHB Mike Zunino
|
0-0: Ball 1-0: Foul Ball, location: 2F 1-1: Foul Ball, location: 2F 1-2: Foul Ball, location: 2F 1-2: Ball 2-2: Strikes out swinging
|
Top of the 9th over - 0 runs, 1 hit, 0 errors, 1 left on base; Los Angeles 0 - Minnesota 0 |
BOTTOM OF THE 9TH |
Minnesota Twins batting - Pitching for Los Angeles Angels : RHP Chaz Roe
|
Pitching: LHP Matt Grace
|
|
Batting: LHB Freddie Freeman
|
0-0: Ball 1-0: Ball 2-0: Foul Ball, location: 2F 2-1: Foul Ball, location: 2F 2-2: Ball 3-2: SINGLE (Line Drive, 5D)
|
Pitching: RHP Jeurys Familia
|
|
Batting: RHB Avisail Garcia
|
0-0: Called Strike 0-1: Ball 1-1: Ball 2-1: SINGLE (Groundball, 56D) Freddie Freeman to second
|
Batting: RHB Adam Jones
|
0-0: Ball 1-0: Ball 2-0: Grounds into double play, 4-6-3 (Groundball, 4) Freddie Freeman to third
|
Batting: RHB Maikel Franco
|
0-0: Ground out 4-3 (Groundball, 6MD)
|
Bottom of the 9th over - 0 runs, 2 hits, 0 errors, 1 left on base; Los Angeles 0 - Minnesota 0 |
TOP OF THE 10TH |
Los Angeles Angels batting - Pitching for Minnesota Twins : RHP A.J. Ramos
|
Pitching: RHP Alex Meyer
|
|
Batting: RHB Wilmer Flores
|
0-0: Called Strike 0-1: Ball 1-1: Called Strike 1-2: SOLO HOME RUN (Flyball, 7LD), Distance : 366 ft
|
Batting: RHB Kevin Pillar
|
0-0: Ball 1-0: Ball 2-0: Ball 3-0: Base on Balls
|
Batting: LHB Kevin Kiermaier
|
0-0: Ball 1-0: Ball 2-0: Ball 3-0: Called Strike 3-1: Base on Balls Kevin Pillar to second
|
Pitching: LHP Bobby Poyner
|
|
Batting: RHB Trevor Story
|
0-0: Ball 1-0: Foul Ball, location: 2F 1-1: SINGLE (Line Drive, 8RS) Kevin Pillar to third Kevin Kiermaier to second Runner from 3rd tries for Home, SAFE, throw by CF to home
|
Batting: RHB Wil Myers
|
0-0: Ball 1-0: Called Strike 1-1: Called Strike 1-2: Foul Ball, location: 2F 1-2: Ball 2-2: Ball 3-2: Fly out, F8 (Flyball, 78XD) Runner from 2nd tags up, SAFE at 3rd, no throw by CF
|
Batting: LHB Jason Kipnis
|
0-0: Ball 1-0: Ball 2-0: Ball 3-0: Called Strike 3-1: Swinging Strike 3-2: Strikes out looking
|
Batting: RHB Tyler Austin
|
0-0: Ball 1-0: Called Strike 1-1: Swinging Strike 1-2: Strikes out looking
|
Top of the 10th over - 2 runs, 2 hits, 0 errors, 2 left on base; Los Angeles 2 - Minnesota 0 |
BOTTOM OF THE 10TH |
Minnesota Twins batting - Pitching for Los Angeles Angels : RHP Jeurys Familia
|
Batting: RHB Howie Kendrick
|
0-0: Called Strike 0-1: Reached on error, E4 (Groundball, 4D)
|
Batting: RHB Chris Iannetta
|
0-0: Fly out, F8 (Line Drive, 8LD)
|
Batting: LHB Eric Sogard
|
0-0: Fly out, F6 (Popup, 6M)
|
Batting: LHB Adam Lind
|
0-0: Called Strike 0-1: Foul Ball, location: 2F 0-2: Ball 1-2: SINGLE (Groundball, 4) (infield hit) Howie Kendrick to second
|
Batting: RHB Whit Merrifield
|
0-0: Called Strike 0-1: Foul Ball, location: 2F 0-2: Ball 1-2: Foul Ball, location: 2F 1-2: Ball 2-2: Foul Ball, location: 2F 2-2: Foul Ball, location: 2F 2-2: Fly out, F4 (Line Drive, 4)
|
Bottom of the 10th over - 0 runs, 1 hit, 1 error, 2 left on base; Los Angeles 2 - Minnesota 0 |
|